APP
BURLINGTON ROYALS @ GREENEVILLE ASTROS
09/01/2044
 
TOP OF THE 1ST
Burlington Royals batting - Pitching for Greeneville Astros : RHP Gabe Allen
Pitching: RHP Gabe Allen
Batting: LHB Ernesto Abreu 0-0: Foul Ball, location: 2F
0-1: Ball
1-1: Foul Ball, location: 2F
1-2: Ball
2-2: Foul Ball, location: 2F
2-2: Ball
3-2: Base on Balls
Batting: RHB Tim Persson 0-0: Foul Ball, location: 2F
0-1: Ball
1-1: Ball
2-1: Called Strike
2-2: Ball
3-2: DOUBLE (Line Drive, 5D, EV 97.5 MPH)
Ernesto Abreu to third
Batting: SHB Manny Berrones 0-0: Ball
1-0: Fly out, F8 (Flyball, 8LM, EV 93.8 MPH)
Batting: SHB Danny Ballenger 0-0: SINGLE (Groundball, 4MD, EV 110.0 MPH)
Ernesto Abreu scores
Tim Persson to third
Runner from 3rd tries for Home, SAFE, throw by CF to home
Batting: LHB Bobby Gonzalez 0-0: Ball
1-0: Ball
2-0: Ball
3-0: Called Strike
3-1: Base on Balls
Danny Ballenger to second
Batting: RHB Rob Ward 0-0: SINGLE (Groundball, 6D, EV 102.5 MPH)
Danny Ballenger to third
Bobby Gonzalez to second
Runner from 3rd tries for Home, throw by CF and OUT! 8-2
Bobby Gonzalez to third
Rob Ward to second
Batting: SHB Marcos Cortez 0-0: Ball
1-0: Ground out 1-3 (Groundball, 13S, EV 66.9 MPH)
Top of the 1st over - 2 runs, 3 hits, 0 errors, 2 left on base; Burlington 2 - Greeneville 0
BOTTOM OF THE 1ST
Greeneville Astros batting - Pitching for Burlington Royals : LHP Hyoji Kawabata
Pitching: LHP Hyoji Kawabata
Batting: RHB Edgar Trejo 0-0: Called Strike
0-1: Ground out 4-3 (Groundball, 4S, EV 78.8 MPH)
Batting: RHB Sean Mounts 0-0: Ball
1-0: Ball
2-0: Called Strike
2-1: Foul Ball, location: 2F
2-2: Strikes out swinging
Batting: RHB Ryan Salas 0-0: Fly out, F7 (Flyball, 7, EV 83.1 MPH)
Bottom of the 1st over - 0 runs, 0 hits, 0 errors, 0 left on base; Burlington 2 - Greeneville 0
TOP OF THE 2ND
Burlington Royals batting - Pitching for Greeneville Astros : RHP Gabe Allen
Batting: RHB Shane Bruce 0-0: SINGLE (Flyball, 9S, EV 98.8 MPH)
Batting: RHB Matthew Orphan 0-0: Bunt - Flyout to 2L! F2
Batting: LHB Ernesto Abreu 0-0: Ball
1-0: Ball
2-0: Foul Ball, location: 2F
2-1: SINGLE (Groundball, 5S, EV 73.8 MPH) (infield hit)
Shane Bruce to second
Batting: RHB Tim Persson 0-0: Ball
1-0: Foul Ball, location: 2F
1-1: Fly out, F8 (Flyball, 8RD, EV 83.8 MPH)
Batting: SHB Manny Berrones 0-0: Ball
1-0: SINGLE (Flyball, 5D, EV 85.0 MPH)
Shane Bruce to third
Ernesto Abreu to second
Throwing error, E7
Shane Bruce scores
Ernesto Abreu to third
Manny Berrones to second
Batting: SHB Danny Ballenger 0-0: Ball
1-0: Ball
2-0: Ball
3-0: Base on Balls
Batting: LHB Bobby Gonzalez 0-0: Ball
1-0: Foul Ball, location: 2F
1-1: Ball
2-1: Swinging Strike
2-2: Fly out, F9 (Flyball, 9S, EV 90.6 MPH)
Top of the 2nd over - 1 run, 3 hits, 1 error, 3 left on base; Burlington 3 - Greeneville 0
BOTTOM OF THE 2ND
Greeneville Astros batting - Pitching for Burlington Royals : LHP Hyoji Kawabata
Batting: SHB Danny Jensen 0-0: Ball
1-0: Fly out, F8 (Flyball, 8LD, EV 96.2 MPH)
Batting: LHB Josh Birkner 0-0: Foul Ball, location: 2F
0-1: Swinging Strike
0-2: Ball
1-2: Fly out, F3 (Popup, 3F, EV 62.5 MPH)
Batting: RHB Workneh Lagat 0-0: Called Strike
0-1: Called Strike
0-2: Ball
1-2: Strikes out swinging
Bottom of the 2nd over - 0 runs, 0 hits, 0 errors, 0 left on base; Burlington 3 - Greeneville 0
TOP OF THE 3RD
Burlington Royals batting - Pitching for Greeneville Astros : RHP Gabe Allen
Batting: RHB Rob Ward 0-0: Called Strike
0-1: Ball
1-1: Ball
2-1: Called Strike
2-2: Ground out 5-3 (Groundball, 56D, EV 88.8 MPH)
Batting: SHB Marcos Cortez 0-0: Ground out 3-1 (Groundball, 34, EV 98.8 MPH)
Batting: RHB Shane Bruce 0-0: Foul Ball, location: 2F
0-1: Ball
1-1: Ball
2-1: Ball
3-1: Foul Ball, location: 2F
3-2: SINGLE (Line Drive, 7S, EV 98.8 MPH)
Batting: RHB Matthew Orphan 0-0: Reached on error, E6 (Groundball, 6S, EV 85.0 MPH)
Shane Bruce to third
Batting: LHB Ernesto Abreu 0-0: Ball
1-0: Called Strike
1-1: Called Strike
1-2: Foul Ball, location: 2F
1-2: Ball
2-2: Ball
3-2: Foul Ball, location: 2F
3-2: Base on Balls
Pitching: RHP Mike Koch
Batting: RHB Tim Persson 0-0: Called Strike
0-1: Ball
1-1: Swinging Strike
Balk!
Shane Bruce scores
Matthew Orphan to third
Ernesto Abreu to second
1-2: SINGLE (Flyball, 8RS, EV 92.5 MPH)
Matthew Orphan scores
Ernesto Abreu to third
Runner from 3rd tries for Home, SAFE, throw by CF to home
Tim Persson to second
Batting: SHB Manny Berrones 0-0: Foul Ball, location: 2F
0-1: 2-RUN HOME RUN (Flyball, 7LD, EV 93.8 MPH), Distance : 347 ft
Batting: SHB Danny Ballenger 0-0: Ball
1-0: Ball
2-0: Ball
3-0: Base on Balls
Batting: LHB Bobby Gonzalez 0-0: Ball
1-0: Ball
2-0: Ball
3-0: Called Strike
3-1: Base on Balls
Danny Ballenger to second
Batting: RHB Rob Ward 0-0: SINGLE (Groundball, 56D, EV 101.2 MPH)
Danny Ballenger to third
Bobby Gonzalez to second
Runner from 3rd tries for Home, SAFE, throw by LF to home
Batting: SHB Marcos Cortez 0-0: Ball
1-0: Ball
2-0: SINGLE (Line Drive, 3D, EV 102.5 MPH)
Bobby Gonzalez to third
Rob Ward to second
Runner from 3rd tries for Home, SAFE, throw by RF to home
Pitching: RHP Ray Fernandez
Batting: RHB Shane Bruce 0-0: Ball
1-0: Foul Ball, location: 2F
1-1: Ball
2-1: Foul Ball, location: 2F
2-2: Foul Ball, location: 2F
2-2: Foul Ball, location: 2F
2-2: SINGLE (Flyball, 5D, EV 91.2 MPH)
Rob Ward to third
Marcos Cortez to second
Throwing error, E7
Rob Ward scores
Marcos Cortez to third
Shane Bruce to second
Batting: RHB Matthew Orphan 0-0: Ball
1-0: DOUBLE (Flyball, 8RXD, EV 108.8 MPH)
Marcos Cortez scores
Shane Bruce scores
Batting: LHB Ernesto Abreu 0-0: Ball
1-0: Ground out 3-1 (Groundball, 3L, EV 104.4 MPH)
Top of the 3rd over - 10 runs, 7 hits, 2 errors, 1 left on base; Burlington 13 - Greeneville 0
BOTTOM OF THE 3RD
Greeneville Astros batting - Pitching for Burlington Royals : LHP Hyoji Kawabata
Batting: LHB Jackson Trottier 0-0: Ball
1-0: Foul Ball, location: 2F
1-1: SINGLE (Groundball, 6MD, EV 102.5 MPH)
Batting: LHB Lou Toth 0-0: Ball
1-0: Foul Ball, location: 2F
Pickoff Throw to First - Out! 1-3
1-1: Called Strike
1-2: Foul Ball, location: 2F
1-2: Foul Ball, location: 2F
1-2: Foul Ball, location: 2F
1-2: Foul Ball, location: 2F
1-2: Strikes out swinging
Batting: RHB Guo-ning Chen 0-0: Ball
1-0: Called Strike
1-1: Fly out, F9 (Flyball, 9LM, EV 97.5 MPH)
Bottom of the 3rd over - 0 runs, 1 hit, 0 errors, 0 left on base; Burlington 13 - Greeneville 0
TOP OF THE 4TH
Burlington Royals batting - Pitching for Greeneville Astros : RHP Ray Fernandez
Batting: RHB Tim Persson 0-0: Ball
1-0: Foul Ball, location: 2F
1-1: Foul Ball, location: 2F
1-2: Ball
2-2: Ball
3-2: Base on Balls
Batting: SHB Manny Berrones 0-0: Called Strike
0-1: Called Strike
0-2: Ball
1-2: Ball
2-2: SINGLE (Flyball, 6MD, EV 92.5 MPH)
Tim Persson to second
Pitching: RHP Greg Otto
Batting: SHB Danny Ballenger 0-0: Foul Ball, location: 2F
0-1: Foul Ball, location: 2F
0-2: SINGLE (Line Drive, 9S, EV 90.6 MPH)
Tim Persson to third
Manny Berrones to second
Batting: LHB Bobby Gonzalez 0-0: Fielders Choice at 2nd, 4-6 (Groundball, 4S, EV 91.2 MPH)
Tim Persson scores
Manny Berrones to third
Batting: RHB Rob Ward 0-0: Foul Ball, location: 2F
0-1: Ball
1-1: Foul Ball, location: 2F
1-2: Foul Ball, location: 2F
1-2: Foul Ball, location: 2F
1-2: Ball
2-2: Ground out 5-3 (Groundball, 56S, EV 66.2 MPH)
Manny Berrones scores
Bobby Gonzalez to second
Batting: SHB Marcos Cortez 0-0: Ground out 6-3 (Groundball, 6, EV 98.1 MPH)
Top of the 4th over - 2 runs, 2 hits, 0 errors, 1 left on base; Burlington 15 - Greeneville 0
BOTTOM OF THE 4TH
Greeneville Astros batting - Pitching for Burlington Royals : LHP Hyoji Kawabata
Batting: RHB Edgar Trejo 0-0: Called Strike
0-1: Foul Ball, location: 2F
0-2: Ball
1-2: Strikes out looking
Batting: RHB Sean Mounts 0-0: Called Strike
0-1: Swinging Strike
0-2: Ball
1-2: Ball
2-2: DOUBLE (Line Drive, 78XD, EV 97.5 MPH)
Batting: RHB Ryan Salas 0-0: Ground out 4-3 (Groundball, 4, EV 86.9 MPH)
Sean Mounts to third
Batting: SHB Danny Jensen 0-0: Called Strike
0-1: Ball
1-1: Ball
2-1: Foul Ball, location: 2F
2-2: Ball
3-2: Ground out 2-3 (Groundball, 13S, EV 72.5 MPH)
Bottom of the 4th over - 0 runs, 1 hit, 0 errors, 1 left on base; Burlington 15 - Greeneville 0
TOP OF THE 5TH
Burlington Royals batting - Pitching for Greeneville Astros : RHP Greg Otto
Batting: RHB Shane Bruce 0-0: Foul Ball, location: 2F
0-1: Ball
1-1: Ball
2-1: Ball
3-1: Called Strike
3-2: Foul Ball, location: 2F
3-2: Ground out 5-3 (Groundball, 56S, EV 89.4 MPH)
Pitching: RHP James Browning
Batting: RHB Matthew Orphan 0-0: Swinging Strike
0-1: Swinging Strike
0-2: Foul Ball, location: 2F
0-2: Foul Ball, location: 2F
0-2: Foul Ball, location: 2F
0-2: Foul Ball, location: 2F
0-2: Foul Ball, location: 2F
0-2: Ball
1-2: Strikes out looking
Batting: LHB Ernesto Abreu 0-0: Ball
1-0: Foul Ball, location: 2F
1-1: Foul Ball, location: 2F
1-2: Ball
2-2: Foul Ball, location: 2F
2-2: Ball
3-2: DOUBLE (Line Drive, 9LM, EV 113.8 MPH)
Batting: RHB Tim Persson 0-0: Ball
1-0: Ball
2-0: Ball
3-0: Called Strike
3-1: Base on Balls
Pitching: LHP Ruben Rojas
Batting: SHB Manny Berrones 0-0: Ball
1-0: Ball
2-0: Swinging Strike
2-1: SINGLE (Flyball, 78S, EV 97.5 MPH)
Ernesto Abreu to third
Tim Persson to second
Runner from 3rd tries for Home, SAFE, throw by LF to home
Batting: SHB Danny Ballenger 0-0: Called Strike
0-1: Foul Ball, location: 2F
0-2: Foul Ball, location: 2F
0-2: Ball
1-2: Foul Ball, location: 2F
1-2: Ball
2-2: Ball
3-2: Strikes out swinging
Top of the 5th over - 1 run, 2 hits, 0 errors, 2 left on base; Burlington 16 - Greeneville 0
BOTTOM OF THE 5TH
Greeneville Astros batting - Pitching for Burlington Royals : LHP Hyoji Kawabata
Batting: LHB Josh Birkner 0-0: Called Strike
0-1: Ball
1-1: Called Strike
1-2: SINGLE (Groundball, 34D, EV 101.2 MPH)
Batting: RHB Workneh Lagat 0-0: Ball
1-0: Ball
2-0: Fly out, F7 (Flyball, 7, EV 82.5 MPH)
Batting: LHB Jackson Trottier 0-0: Ball
Passed Ball!
Josh Birkner to second
1-0: Called Strike
1-1: Foul Ball, location: 2F
1-2: Ball
2-2: Foul Ball, location: 2F
2-2: Strikes out swinging
Batting: LHB Lou Toth 0-0: Swinging Strike
0-1: Foul Ball, location: 2F
0-2: Ball
1-2: Foul Ball, location: 2F
1-2: Strikes out swinging
Bottom of the 5th over - 0 runs, 1 hit, 0 errors, 1 left on base; Burlington 16 - Greeneville 0
TOP OF THE 6TH
Burlington Royals batting - Pitching for Greeneville Astros : LHP Ruben Rojas
Batting: LHB Bobby Gonzalez 0-0: Called Strike
0-1: Swinging Strike
0-2: Ground out 3-1 (Groundball, 34, EV 106.9 MPH)
Batting: RHB Rob Ward 0-0: Called Strike
0-1: Ball
1-1: Called Strike
1-2: Ball
2-2: Strikes out swinging
Pitching: RHP Oscar Andrade
Batting: SHB Marcos Cortez 0-0: Foul Ball, location: 2F
0-1: Foul Ball, location: 2F
0-2: Ball
1-2: Foul Ball, location: 2F
1-2: Foul Ball, location: 2F
1-2: Ball
2-2: Strikes out swinging
Top of the 6th over - 0 runs, 0 hits, 0 errors, 0 left on base; Burlington 16 - Greeneville 0
BOTTOM OF THE 6TH
Greeneville Astros batting - Pitching for Burlington Royals : LHP Hyoji Kawabata
Batting: RHB Guo-ning Chen 0-0: Ball
1-0: Ground out U3 (Groundball, 3L, EV 81.2 MPH)
Batting: RHB Edgar Trejo 0-0: Called Strike
0-1: Ball
1-1: Reached on error, E1 (Groundball, P, EV 68.8 MPH)
Batting: RHB Sean Mounts 0-0: Called Strike
0-1: Called Strike
0-2: SINGLE (Line Drive, 4MD, EV 95.6 MPH)
Edgar Trejo to third
Runner from 3rd tries for Home, SAFE, throw by CF to home
Sean Mounts to second
Batting: RHB Ryan Salas 0-0: Ball
1-0: Called Strike
1-1: Ball
2-1: Called Strike
2-2: Strikes out swinging
Batting: SHB Danny Jensen 0-0: Called Strike
0-1: Ball
1-1: Ball
2-1: Swinging Strike
2-2: Foul Ball, location: 2F
2-2: Ball
3-2: Strikes out swinging
Bottom of the 6th over - 1 run, 1 hit, 1 error, 1 left on base; Burlington 16 - Greeneville 1
TOP OF THE 7TH
Burlington Royals batting - Pitching for Greeneville Astros : RHP Oscar Andrade
Batting: RHB Shane Bruce 0-0: Ball
1-0: Ball
2-0: Called Strike
2-1: Fly out, F7 (Flyball, 7, EV 90.6 MPH)
Batting: RHB Matthew Orphan 0-0: Ball
1-0: Ball
2-0: Foul Ball, location: 2F
2-1: Swinging Strike
2-2: Strikes out looking
Batting: LHB Ernesto Abreu 0-0: Ball
1-0: Fly out, F7 (Flyball, 78M, EV 92.5 MPH)
Top of the 7th over - 0 runs, 0 hits, 0 errors, 0 left on base; Burlington 16 - Greeneville 1
BOTTOM OF THE 7TH
Greeneville Astros batting - Pitching for Burlington Royals : LHP Hyoji Kawabata
Batting: LHB Josh Birkner 0-0: Ball
1-0: Ground out 1-3 (Groundball, 13, EV 63.1 MPH)
Batting: RHB Workneh Lagat 0-0: Called Strike
0-1: Foul Ball, location: 2F
0-2: Ball
1-2: Foul Ball, location: 2F
1-2: Strikes out swinging
Batting: LHB Jackson Trottier 0-0: Called Strike
0-1: Swinging Strike
0-2: Ball
1-2: SINGLE (Groundball, 56D, EV 105.0 MPH)
Pitching: RHP Philip Terrell
Batting: LHB Lou Toth 0-0: Ball
Jackson Trottier steals 2nd base (no throw)
1-0: Called Strike
1-1: Swinging Strike
1-2: Strikes out swinging
Bottom of the 7th over - 0 runs, 1 hit, 0 errors, 1 left on base; Burlington 16 - Greeneville 1
TOP OF THE 8TH
Burlington Royals batting - Pitching for Greeneville Astros : RHP Oscar Andrade
Batting: RHB Tim Persson 0-0: Called Strike
0-1: Called Strike
0-2: Strikes out swinging
Batting: SHB Manny Berrones 0-0: Ball
1-0: Fly out, F6 (Popup, 6D, EV 68.1 MPH)
Batting: SHB Danny Ballenger 0-0: Foul Ball, location: 2F
0-1: Swinging Strike
0-2: Strikes out looking
Top of the 8th over - 0 runs, 0 hits, 0 errors, 0 left on base; Burlington 16 - Greeneville 1
BOTTOM OF THE 8TH
Greeneville Astros batting - Pitching for Burlington Royals : RHP Philip Terrell
Batting: RHB Guo-ning Chen 0-0: Foul Ball, location: 2F
0-1: Ball
1-1: Foul Ball, location: 2F
1-2: Strikes out swinging
Batting: RHB Edgar Trejo 0-0: Ball
1-0: Ball
2-0: Ball
3-0: Called Strike
3-1: Base on Balls
Batting: RHB Sean Mounts 0-0: Foul Ball, location: 2F
0-1: Fielders Choice at 2nd, 5-4 (Groundball, 5, EV 97.5 MPH)
Batting: RHB Ryan Salas 0-0: Foul Ball, location: 2F
0-1: Foul Ball, location: 2F
0-2: Foul Ball, location: 2F
0-2: Strikes out swinging
Bottom of the 8th over - 0 runs, 0 hits, 0 errors, 1 left on base; Burlington 16 - Greeneville 1
TOP OF THE 9TH
Burlington Royals batting - Pitching for Greeneville Astros : RHP Oscar Andrade
Batting: LHB Bobby Gonzalez 0-0: Ball
1-0: Ball
2-0: Ball
3-0: Base on Balls
Batting: RHB Rob Ward 0-0: Swinging Strike
0-1: Foul Ball, location: 2F
0-2: Strikes out swinging
Batting: SHB Marcos Cortez 0-0: Ball
1-0: Swinging Strike
1-1: Ball
2-1: Swinging Strike
2-2: Foul Ball, location: 2F
2-2: Ball
3-2: Foul Ball, location: 2F
3-2: Foul Ball, location: 2F
3-2: Strikes out looking
Batting: RHB Shane Bruce 0-0: Foul Ball, location: 2F
0-1: Swinging Strike
0-2: Strikes out swinging
Top of the 9th over - 0 runs, 0 hits, 0 errors, 1 left on base; Burlington 16 - Greeneville 1
BOTTOM OF THE 9TH
Greeneville Astros batting - Pitching for Burlington Royals : RHP Philip Terrell
Batting: SHB Danny Jensen 0-0: Foul Ball, location: 2F
0-1: Fly out, F6 (Flyball, 56D, EV 78.8 MPH)
Batting: LHB Josh Birkner 0-0: Ball
1-0: Swinging Strike
1-1: Ball
2-1: Swinging Strike
2-2: Foul Ball, location: 2F
2-2: Foul Ball, location: 2F
2-2: Ball
3-2: Foul Ball, location: 2F
3-2: Hit by Pitch
Batting: RHB Workneh Lagat 0-0: Ball
1-0: Foul Ball, location: 2F
1-1: Swinging Strike
1-2: Strikes out looking
Batting: LHB Jackson Trottier 0-0: Ball
1-0: Called Strike
1-1: Called Strike
1-2: Ball
2-2: Strikes out swinging
Bottom of the 9th over - 0 runs, 0 hits, 0 errors, 1 left on base; Burlington 16 - Greeneville 1
Thursday, March 31st , 2022 - OOTP Baseball 22.12 Build 89